 Dungeon Crawl Stone Soup version 0.17.0-23-g0de4337 (webtiles) character file.

499 TruthSerum the Ruffian (level 6, -2/62 HPs)
             Began as a Troll Monk on Nov 15, 2015.
             Slain by a slave (4 damage)
             ... led by Pikel
             ... on level 4 of the Dungeon.
             The game lasted 00:08:30 (2790 turns).

TruthSerum the Ruffian (Troll Monk)                 Turns: 2790, Time: 00:08:30

Health: -2/62      AC:  5    Str: 20    XL:     6   Next: 94%
Magic:  5/5        EV: 11    Int:  6    God:
Gold:   147        SH:  0    Dex: 14    Spells: 0 memorised, 5 levels left

rFire  . . .     SeeInvis .       - Unarmed
rCold  . . .     Clarity  .     a - +0 robe
rNeg   . . .     SustAt   .     (no shield)
rPois  .         Gourm    +     (helmet restricted)
rElec  .         Spirit   .     (no cloak)
rCorr  .         Warding  .     (gloves unavailable)
rMut   .         Stasis   .     (boots unavailable)
MR     +....                    (no amulet)
Stlth  ++........               (no ring)
                                q - ring of protection from magic

@: somewhat resistant to hostile enchantments, unstealthy
A: unfitting armour, claws 3, fast metabolism 3, gourmand, regeneration 2,
shaggy fur 1, tough skin 2
a: no special abilities


You were on level 4 of the Dungeon.
You were completely stuffed.

You visited 1 branch of the dungeon, and saw 4 of its levels.

You collected 147 gold pieces.

Inventory:

Armour
 a - a +0 robe (worn)
Jewellery
 q - a ring of protection from magic (left claw)
Wands
 r - a wand of digging (11)
Scrolls
 f - a scroll of magic mapping {unknown}
 g - 2 scrolls of identify {unknown}
 l - a scroll of enchant armour {unknown}
 o - a scroll of amnesia {unknown}
 p - a scroll of teleportation {unknown}
Potions
 d - a potion of degeneration {unknown}
 e - a potion of cure mutation {unknown}
 h - 3 potions of haste {unknown}
 j - a potion of lignification {unknown}
 m - a potion of beneficial mutation {unknown}
 t - a potion of curing {unknown}
 u - a potion of flight {unknown}
 w - a potion of brilliance {unknown}
 x - a potion of might {unknown}
Comestibles
 b - 5 bread rations
 c - 2 beef jerkies
 i - 2 meat rations
 k - 6 chunks of flesh
 n - 8 fruits
 s - a slice of pizza
 v - a royal jelly


   Skills:
 + Level 3.8 Fighting
 + Level 3.9 Dodging
 - Level 1.1 Stealth
 * Level 6.5 Unarmed Combat


You had 5 spell levels left.
You didn't know any spells.

Dungeon Overview and Level Annotations

Branches:
Dungeon (4/15)
 Temple: D:4-7

Altars:

Shops:
D:4 =

Portals:
Sewer: D:4

Annotations:
D:4 Pikel


Innate Abilities, Weirdness & Mutations

You are too large for most types of armour.
You have claws for hands.
Your metabolism is lightning-fast.
You like to eat raw meat.
You heal very quickly.
You are covered in fur (AC +1).
You have very tough skin (AC +2).


Message History

Pikel is severely wounded.
Pikel closely misses you. The slave hits you but does no damage.
You scratch Pikel.
Pikel is severely wounded.
Pikel waves his whip at you.
Pikel hits you with a whip of electrocution.
You are electrocuted!
* * * LOW HITPOINT WARNING * * *
The slave hits you.
* * * LOW HITPOINT WARNING * * *
You barely miss Pikel.
Pikel is severely wounded.
You feel sick.
You are no longer poisoned.
Pikel hits you with a whip of electrocution.
* * * LOW HITPOINT WARNING * * *
You are electrocuted!
* * * LOW HITPOINT WARNING * * *
The slave hits you.
You die...

.........<.........'......
..##.###.#....^...##.....a
..##.##....###.#..# .....
#.##8##.##.#####)[# ...%
#.##.##.##.##.)...# ...
#.8.∩.8.##.##.###.# ..
...#.#####.##.# #.# #
....8# #...##.###.# .....#
#.#......@K#.## ....##
#.......p.pp..... ...##
#..##†##..##.##.. #.##
#..#≈≈≈#..# .. #.#
#..#≈≈≈#..# ... ..#
##.#≈∩≈#.## .. ###
#.#≈≈≈#.# . #.#≈≈≈#.#
#.#####.#


You could see Pikel and 3 slaves.

Vanquished Creatures
  Menkaure (D:4)
  A phantom (D:4)
  An orc priest (D:4)
  An orc wizard (D:4)
  2 worker ants (D:4)
  Robin (D:2)
  7 adders
  2 worms
  2 giant geckos (D:2)
  12 orcs
  3 ball pythons
  13 goblins
  15 hobgoblins
  2 jackals (D:4)
  3 kobolds
  A quokka (D:2)
  7 bats
  7 giant cockroaches
  2 giant newts (D:2)
  5 rats
88 creatures vanquished.

Notes
Turn   | Place    | Note
--------------------------------------------------------------
     0 | D:1      | TruthSerum the Troll Monk began the quest for the Orb.
     0 | D:1      | Reached XP level 1. HP: 22/22 MP: 0/0
   232 | D:1      | Reached XP level 2. HP: 26/29 MP: 1/1
   986 | D:2      | Reached XP level 3. HP: 32/36 MP: 2/2
  1194 | D:2      | Reached XP level 4. HP: 44/44 MP: 3/3
  1255 | D:2      | Noticed Robin
  1264 | D:2      | Killed Robin
  1264 | D:2      | Reached skill level 5 in Unarmed Combat
  1269 | D:2      | HP: 1/44 [hobgoblin[Robin] (5)]
  2262 | D:4      | Reached XP level 5. HP: 44/53 MP: 4/4
  2432 | D:4      | Noticed a phantom
  2455 | D:4      | Killed a phantom
  2455 | D:4      | Reached XP level 6. HP: 49/61 MP: 5/5
  2603 | D:4      | Reached skill level 6 in Unarmed Combat
  2691 | D:4      | Found Tigh's Jewellery Shoppe.
  2691 | D:4      | Noticed Menkaure
  2699 | D:4      | Killed Menkaure
  2769 | D:4      | Found a glowing drain.
  2776 | D:4      | Noticed a slave
  2780 | D:4      | Noticed Pikel
  2783 | D:4      | Noticed a slave
  2784 | D:4      | Noticed a slave
  2785 | D:4      | Noticed a slave
  2790 | D:4      | HP: 2/62 [Pikel/whip of electrocution (9)]
  2790 | D:4      | Slain by a slave

Action                   |  1- 3 |  4- 6 || total
-------------------------+-------+-------++-------
Melee: Unarmed           |    77 |   155 ||   232
 Stab: Sleeping          |     3 |       ||     3
  Eat: Chunk             |    16 |    15 ||    31
